 Dungeon Crawl Stone Soup version 0.31-a0-204-g7da18cac08 (webtiles) character file.

Game seed: 15223670064476990133

89 qw the Shooter (level 4, -1/25 HPs)
             Began as a Deep Elf Hunter on June 27, 2023.
             Killed from afar by a steam dragon (12 damage)
             ... with a ball of steam
             ... on level 6 of the Dungeon.
             The game lasted 00:00:51 (2442 turns).

qw the Shooter (Deep Elf Hunter)                    Turns: 2442, Time: 00:00:51

Health: -1/25      AC:  7    Str: 10    XL:     4   Next: 31%
Magic:  6/6        EV:  9    Int: 14    God:
Gold:   113        SH:  5    Dex: 18    Spells: 3/3 levels left

rFire   . . .        Y - +1 shortbow
rCold   . . .        (shield currently unavailable)
rNeg    . . .        e - +0 scale mail
rPois   .            (no helmet)
rElec   .            (no cloak)
rCorr   .            (no gloves)
SInv    .            g - +0 pair of boots
Will    .....        i - amulet of reflection
Stlth   +            (no ring)
HPRegen 0.24/turn    (no ring)
MPRegen 0.10/turn

%: reflection
@: no status effects
A: no striking features
a: no special abilities


You were on level 6 of the Dungeon.
You visited 1 branch of the dungeon, and saw 5 of its levels.

You collected 113 gold pieces.


   Skills:
 - Level 1.5 Fighting
 + Level 7.7 Ranged Weapons
 - Level 2.4 Dodging
 - Level 1.2 Stealth


You had 3 spell levels left.
You didn't know any spells.
Your spell library was empty.

Inventory:

Hand Weapons
 Y - a +1 shortbow (weapon)
Armour
 e - a +0 scale mail (worn)
 g - a +0 pair of boots (worn)
Jewellery
 i - an amulet of reflection (around neck)
Scrolls
 a - a scroll of identify
 k - a scroll of teleportation
Potions
 b - a potion of enlightenment {unknown}
 c - a potion of might {unknown}
 d - a potion of berserk rage {unknown}
 f - a potion of attraction {unknown}
 h - a potion of curing
 j - a potion of mutation {unknown}

Dungeon Overview and Level Annotations

Branches:
Dungeon (6/15)
 Temple: D:4-7

Altars:
Cheibriados
Uskayaw
Yredelemnul

Annotations:
D:3 1 runed translucent door


Message History

The ufetubus hits you. x3; You block the ufetubus's attack.
You shoot an arrow. The arrow closely misses the ufetubus.
The ufetubus hits you but does no damage. x2
You block the ufetubus's attack.
The ufetubus hits you but does no damage.
You shoot an arrow. The arrow hits the ufetubus.
The ufetubus is heavily wounded.
The ufetubus closely misses you. x3
The ufetubus hits you but does no damage.
You shoot an arrow. The arrow hits the ufetubus.
The ufetubus is heavily wounded.
The ufetubus hits you but does no damage.
You block the ufetubus's attack. x3
You shoot an arrow. The arrow hits the ufetubus!
You kill the ufetubus!
You start resting.
A steam dragon comes into view.
You shoot an arrow.
The arrow closely misses the steam dragon.
The steam dragon hisses angrily.
You shoot an arrow. The arrow hits the steam dragon.
The steam dragon is lightly wounded.
You shoot an arrow. The arrow hits the steam dragon.
The steam dragon is moderately wounded.
The steam dragon breathes steam at you. The ball of steam hits you!
Ouch! That really hurt!
2438 ||| Stepping ~*~*~tactically~*~*~ (cloud).
You shoot an arrow. The arrow hits the steam dragon.
The steam dragon is moderately wounded.
You shoot an arrow. The arrow hits the steam dragon.
The steam dragon is heavily wounded.
You shoot an arrow.
The arrow hits the steam dragon but does no damage.
The steam dragon is heavily wounded.
You shoot an arrow. The arrow hits the steam dragon.
The steam dragon is severely wounded.
The steam dragon breathes steam at you. The ball of steam hits you!
You die...

#.. ..###... .....
##.##......##.....
..................
.................
#. #..............
#.. #...........#
#...###..........##
...............###
.......@D.......#
...(........>...#
#...###.¤¤........
#.. #.)........## #
#.¤¤.>.....#
............
.#.........)..
##.........
#.........


You could see a steam dragon (catching breath).

Vanquished Creatures
  2 adders
  An ufetubus (D:6)
  2 worms (D:2)
  2 dart slugs
  2 orcs (D:3)
  4 bats (D:1)
  6 endoplasms
  A giant cockroach (D:1)
  2 goblins
  9 hobgoblins
  2 jackals (D:3)
  5 kobolds
  2 quokkas (D:1)
  7 ball pythons
  A frilled lizard (D:1)
48 creatures vanquished.

Notes
Turn   | Place    | Note
-------+----------+-------------------------------------------
     0 | D:1      | qw the Deep Elf Hunter began the quest for the Orb.
     0 | D:1      | Reached XP level 1. HP: 12/12 MP: 3/3
     0 | D:1      | 0 ||| qw: Version: 0.3-a-22-g0ed2b0b
     0 | D:1      | 0 ||| qw: Game counter: 6427
     0 | D:1      | 0 ||| qw: Melee chars always use a shield: true
     0 | D:1      | 0 ||| qw: God list: Okawaru
     0 | D:1      | 0 ||| qw: Allow faded altars: false
     0 | D:1      | 0 ||| qw: Do Orc after clearing Dungeon:15 true
     0 | D:1      | 0 ||| qw: Do second Lair branch before Depths: true
     0 | D:1      | 0 ||| qw: Lair rune preference: random
     0 | D:1      | 0 ||| qw: Goals: Normal
     0 | D:1      | 0 ||| PLANNING D:1-11
   137 | D:1      | Reached XP level 2. HP: 16/16 MP: 4/4
   140 | D:1      | Reached skill level 6 in Ranged Weapons
   403 | D:1      | Reached XP level 3. HP: 20/20 MP: 5/5
   657 | D:1      | 657 ||| UPGRADING to +0 pair of boots.
   662 | D:1      | 662 ||| DROPPING scarf of shadows.
   663 | D:1      | 663 ||| DROPPING amulet of magic regeneration.
   664 | D:1      | 664 ||| READING scroll labelled REHIKK QAMEJI.
   665 | D:1      | 665 ||| READING scroll labelled SYGRIDW NOXZI.
   666 | D:1      | 666 ||| READING scroll labelled JIUD ETYIL.
   670 | D:1      | 670 ||| DROPPING scroll of butterflies.
   824 | D:2      | Reached skill level 7 in Ranged Weapons
  1218 | D:2      | Identified the +7 dagger of the Destroying Fox {chaos, rN+}
  1247 | D:2      | 1247 ||| READING scroll labelled ZEAPIS XIKIEF.
  1248 | D:2      | 1248 ||| READING scroll labelled NUSHULI RONOOK.
  1255 | D:3      | Noticed a human
  1255 | D:3      | Found a runed translucent door.
  1257 | D:3      | Found a basalt altar of Yredelemnul.
  1369 | D:3      | Found a hide-covered altar of Uskayaw.
  1593 | D:3      | Reached XP level 4. HP: 25/25 MP: 6/6
  2254 | D:3      | Found a snail-covered altar of Cheibriados.
  2284 | D:3      | 2284 ||| UPGRADING to +0 scale mail.
  2294 | D:3      | 2294 ||| DROPPING +0 leather armour.
  2295 | D:3      | 2295 ||| UPGRADING to amulet of reflection.
  2300 | D:3      | 2300 ||| READING scroll labelled SEUVESK VATZ.
  2301 | D:3      | 2301 ||| DRINKING 2 fizzy blue potions.
  2363 | D:4      | You fall into a shaft and drop 2 floors!
  2434 | D:6      | Noticed a steam dragon
  2438 | D:6      | 2438 ||| Stepping ~*~*~tactically~*~*~ (cloud).
  2442 | D:6      | Killed from afar by a steam dragon

Levels and vault maps discovered:
D:1:      onia_arrival_mini_spirals, layout_basic
D:2:      layout_loops_ring
D:3:      wad_crossroads, layout_loops_corners, overflow_temple_1_default,
          mainiacjoe_overflow_surrounded_room, dk_yredelemnul_ordeal,
          nicolae_eternal_life
D:4:      layout_basic
D:6:      layout_cave_pools, nicolae_stop_n_shop_2, minmay_misc_feat_cross,
          uniq_eustachio, uniq_pikel, uniq_menkaure

Skill      XL: |  1  2  3 |
---------------+----------+-----
Ranged Weapons | 6 7 |  7.7
Fighting       | |  1.5
Dodging        | |  2.4
Stealth        | |  1.2

Action                     |  1- 3 |  4- 6 || total
---------------------------+-------+-------++-------
   Fire: Shortbow          |   139 |    35 ||   174
    Use: Scroll            |     5 |     1 ||     6
         Potion            |       |     1 ||     1
 Armour: Leather armour    |    10 |       ||    10
         Scale mail        |       |     6 ||     6
  Dodge: Dodged            |    35 |     9 ||    44
  Block: Other             |       |     6 ||     6

Table legend:
 A = Non-vault XP
 B = Vault XP
 C = Vault XP percentage of total XP
 D = Non-vault monster count
 E = Vault monster count
 F = Vault count percentage of total count
                 A         B        C        D         E       F
            +---------+---------+-------+---------+---------+-------
      Total |     119 |       9 |   7.0 |      44 |       4 |   8.3
            +---------+---------+-------+---------+---------+-------
        D:1 |      49 |       0 |   0.0 |      26 |       0 |   0.0
        D:2 |      38 |       0 |   0.0 |      11 |       0 |   0.0
        D:3 |      23 |       9 |  28.1 |       5 |       4 |  44.4
        D:4 |       1 |       0 |   0.0 |       1 |       0 |   0.0
        D:6 |       8 |       0 |   0.0 |       1 |       0 |   0.0
            +---------+---------+-------+---------+---------+-------
